Cogmind - Beta 12 @@@ ROGUE MODE // 2023.05.03 @ 01:43:20 Player: Exp. Geonium Core Result: Destroyed by G-50 Soldier with Heavy Laser Performance ------------- Evolutions (3) 1500 Regions Visited (15) 3000 Robots Destroyed (130) 650 Value Destroyed (3677) 3677 Prototype IDs (242) 4840 Alien Tech Used (0) 0 Bonus (5119) 5119 TOTAL SCORE: 18786 Bonus ------- High Alert Combat Kills 401 Follower Combat Kills 279 Entered Garrisons 400 Used RIF Installer 1000 Aligned with FarCom 300 Met Data Miner 300 Used Data Conduit 3000 Friendly Fire -561 Cogmind --------- Core Integrity 0/700 Matter 300/300 Energy 100/100 System Corruption 0% Temperature Cool (9) Movement Walking (190) Ox1 Location -6/Proximity Caves Parts ------- > --- POWER (1) -------- (None) > --- PROPULSION (4) --- Enhanced Flexi-carbon Leg > --- UTILITY (6) ------ Advanced Heat Sink High-capacity Storage Unit > --- WEAPON (2) ------- Chainsword > --- INVENTORY (20) --- Improved Deuterium Engine Advanced Heat Sink Advanced Heat Sink Experimental Heat Sink Improved Cooling System Experimental Energy Well (600) Advanced Weapon Cycler Stasis Canceller Advanced Transmission Jammer Core Shielding Improved Utility Shielding System Restoration Module AS-neutralizer No. 17b Particle Gun Neutron Cannon Battle Rifle Makeshift Shrapnel Gun Datajack Remote Datajack Axe Peak State ------------ > --- POWER ------------ Reinforced Fission Core > --- PROPULSION ------- Medium Treads Advanced Myomer Leg Advanced Myomer Leg Enhanced Biometal Leg > --- UTILITY ---------- High-capacity Storage Unit Improved Sensor Array Improved Signal Interpreter Experimental Targeting Computer Improved Light Armor Plating Relay Coupler [Sentry] > --- WEAPON ----------- 8R-AWN's Boregun 8R-AWN's Boregun > --- INVENTORY -------- Experimental Heat Sink Experimental Energy Well Advanced Weapon Cycler Advanced Transmission Jammer Improved Utility Shielding Improved Utility Shielding 8R-AWN's Armor/EX Thermal Barrier Relay Coupler [NC] Relay Coupler [Grunt] Relay Coupler [Grunt] AS-neutralizer No. 17b Flak Gun Missile Launcher Datajack Remote Datajack Axe Chainsword [Rating: 85] Favorites ----------- Power Reinforced Fission Core Engine Ion Engine Power Core Reinforced Fission Core Reactor Antimatter Reactor Propulsion Advanced Myomer Leg Treads Improved Treads Leg Advanced Myomer Leg Wheel Wheel Utility High-capacity Storage Unit Device Improved Sensor Array Storage High-capacity Storage Unit Processor Experimental Targeting Computer Hackware Relay Coupler [Grunt] Protection Improved Utility Shielding Weapon 8R-AWN's Boregun Energy Gun Small Laser Energy Cannon Neutron Cannon Ballistic Gun 8R-AWN's Boregun Launcher Missile Launcher Special Weapon Remote Datajack Slashing Weapon Chainsword Special Melee Weapon Datajack Build | -11 -10 -10 -9 -9 -9 -8 -8 -8 -8 -8 -7 -7 -7 -7 -6 ------- Run | Jun Mat Min Mat Min Exi Min Mat Gar Mat Gar Fac Low Low Dat Pro Slots Evolved 6 | . . . 2 . . . 2 . . . 2 . . . . Power . | . . . . . . . . . . . . . . . . Propulsion 2 | . . . 1 . . . 1 . . . . . . . . Utility 4 | . . . 1 . . . 1 . . . 2 . . . . Weapon . | . . . . . . . . . . . . . . . . Parts Attached 143 | . 3 3 6 3 18 13 6 22 4 7 20 14 10 13 1 Power 7 | . . 1 1 . 2 . . 1 . . . . . 2 . Engine 2 | . . . 1 . . . . . . . . . . 1 . Core 4 | . . 1 . . 2 . . 1 . . . . . . . Reactor 1 | . . . . . . . . . . . . . . 1 . Propulsion 24 | . 2 . 2 . 5 3 1 2 1 1 1 1 3 1 1 Treads 17 | . 2 . 2 . 5 . 1 1 1 1 1 1 2 . . Leg 5 | . . . . . . 3 . 1 . . . . . 1 . Wheel 2 | . . . . . . . . . . . . . 1 . 1 Hover . | . . . . . . . . . . . . . . . . Flight . | . . . . . . . . . . . . . . . . Utility 44 | . 1 1 1 . 4 3 2 5 1 . 7 6 6 7 . Device 12 | . . . . . 3 2 . . . . 1 1 3 2 . Storage 4 | . 1 1 . . . 1 . . . . . . . 1 . Processor 4 | . . . . . 1 . 2 . . . 1 . . . . Hackware 6 | . . . . . . . . 1 1 . 2 2 . . . Protection 18 | . . . 1 . . . . 4 . . 3 3 3 4 . Artifact . | . . . . . . . . . . . . . . . . Weapon 68 | . . 1 2 3 7 7 3 14 2 6 12 7 1 3 . Energy Gun . | . . . . . . . . . . . . . . . . Energy Cannon 2 | . . . . . . . . . . . . . 1 1 . Ballistic Gun 33 | . . 1 1 1 3 5 2 8 1 3 4 4 . . . Ballistic Cannon . | . . . . . . . . . . . . . . . . Launcher 14 | . . . 1 2 1 1 1 2 1 2 3 . . . . Special Weapon 7 | . . . . . . . . 1 . 1 2 2 . 1 . Impact Weapon . | . . . . . . . . . . . . . . . . Slashing Weapon 10 | . . . . . 1 1 . 3 . . 3 1 . 1 . Piercing Weapon . | . . . . . . . . . . . . . . . . Special Melee Weapon 2 | . . . . . 2 . . . . . . . . . . Unidentified Prototypes 11 | . . . . . 4 5 1 . . . . . . 1 . Parts Lost 36 | . . . 1 2 4 1 . 5 1 . 1 6 4 4 7 Power 5 | . . . 1 . 1 . . 1 . . . . . 1 1 Propulsion 12 | . . . . . 3 . . 1 . . . 1 2 2 3 Utility 11 | . . . . 1 . . . 2 . . . 3 1 1 3 Weapon 8 | . . . . 1 . 1 . 1 1 . 1 2 1 . . Highest Loss Streak 7 | . . . 1 2 3 1 . 2 1 . 1 6 4 3 7 To Critical Strikes 4 | . . . . . 3 . . . . . . . 1 . . Average Slot Usage (%) 94 | . 85 95 97 96 91 99 98 92 92 100 99 87 95 91 90 Engine 3 | . 14 12 9 11 4 . . . . . . . . 1 . Core 5 | . . 1 1 . 5 11 9 8 9 9 7 7 7 2 . Treads 17 | . 16 28 33 33 33 14 9 6 2 9 7 6 14 18 14 Leg 12 | . 11 . . . . 18 27 27 27 27 23 23 11 6 7 Device 5 | . . . . . 5 10 9 . . . 7 6 13 14 14 Storage 11 | . 14 23 22 22 16 11 9 9 9 9 7 7 7 6 7 Processor 7 | . . . . . 5 11 16 18 10 9 15 9 . . . Hackware 2 | . . . . . . . . . 16 18 9 1 7 2 . Protection 6 | . . . 9 8 . . . 4 . . 4 13 13 17 22 Energy Cannon 1 | . . . . . . . . . . . . . 5 7 6 Ballistic Gun 9 | . 14 28 21 19 11 20 17 6 9 8 5 . . . . Launcher 1 | . . . . 2 . . . 5 . . 3 . . . . Special Weapon 1 | . . . . . . . . . 9 8 3 2 1 . . Slashing Weapon 3 | . . . . . 3 1 . 4 . . 2 6 7 6 7 Naked Turns . | . . . . . . . . . . . . . . . . Heaviest Build 90 | 10 50 51 57 55 74 61 56 70 70 73 77 83 85 90 88 Greatest Support 90 | 20 46 46 66 66 66 90 90 90 90 90 90 90 90 81 53 Greatest Overweight (x) 8 | . 2 1 . . 1 . . . . . . . 2 1 8 Average Overweight (x) . | . . . . . . . . . . . . . . . 1 Largest Inventory Capacity 20 | . 20 20 20 20 20 20 20 20 20 20 20 20 20 20 20 Average Capacity 19 | . 18 20 20 20 20 20 20 20 20 20 20 20 20 18 20 Most Carried 20 | . 20 20 20 20 20 20 20 20 20 20 20 20 20 20 20 Average Carried 18 | . 11 19 19 19 19 19 19 19 18 20 19 17 18 14 19 Final Capacity 20 | 8 20 20 20 20 20 20 20 20 20 20 20 20 20 20 20 Final Carried 20 | 6 20 20 20 19 20 20 20 20 20 20 20 20 20 20 20 Class Distribution -------------------- 72% | Scavenger-Mutant 27% | Mutant Dominant Class ---------------- Mutant | -10/Materials Mutant | -10/Mines Mutant | -9/Materials Mutant | -9/Mines Scavenger-Mutant | -9/Exiles Scavenger-Mutant | -8/Mines Scavenger-Mutant | -8/Materials Scavenger-Mutant | -8/Garrison Scavenger-Mutant | -8/Materials Scavenger-Mutant | -8/Garrison Scavenger-Mutant | -7/Factory Scavenger-Mutant | -7/Lower Caves Scavenger-Mutant | -7/Lower Caves Scavenger-Mutant | -7/Data Miner Scavenger-Mutant | -6/Proximity Caves Resources | -11 -10 -10 -9 -9 -9 -8 -8 -8 -8 -8 -7 -7 -7 -7 -6 ----------- Run | Jun Mat Min Mat Min Exi Min Mat Gar Mat Gar Fac Low Low Dat Pro Matter Collected 3670 | 200 20 143 337 . 378 538 48 443 193 419 291 440 90 130 . Remotely . | . . . . . . . . . . . . . . . . Salvage Created 4455 | . 85 92 531 81 387 478 64 790 193 362 716 276 120 210 70 Parts 359 | . 8 7 53 1 73 29 6 72 12 29 35 14 7 7 6 Haulers Intercepted 3 | . . . 2 . . . . . 1 . . . . . . Recyclers Shooed 2 | . 1 . . . . 1 . . . . . . . . . Parts Field Recycled . | . . . . . . . . . . . . . . . . Retrieved Matter . | . . . . . . . . . . . . . . . . Parts Self-Destructed 24 | . . . . . . . . . . . . 14 4 . 6 Prevented . | . . . . . . . . . . . . . . . . Kills | -11 -10 -10 -9 -9 -9 -8 -8 -8 -8 -8 -7 -7 -7 -7 -6 ------- Run | Jun Mat Min Mat Min Exi Min Mat Gar Mat Gar Fac Low Low Dat Pro Combat Hostiles Destroyed 121 | . 3 2 13 16 5 8 3 25 4 10 18 6 3 3 2 Melee 14 | . . . . . 1 . . 3 . . 2 4 1 2 1 Guns 39 | . 3 2 5 . . 7 . 7 3 4 6 2 . . . Cannons 3 | . . . . . . . . . . . . . 2 . 1 AOE 64 | . . . 8 16 4 1 3 15 1 6 10 . . . . Classes Destroyed 21 | . 2 . 7 2 2 2 . 2 . . 1 1 1 . 1 Worker 2 | . . . 1 . . 1 . . . . . . . . . Builder 3 | . . . . . . 1 . . . . 2 . . . . Tunneler 2 | . . . . . . 2 . . . . . . . . . Hauler 3 | . . . 2 . . . . . 1 . . . . . . Recycler 2 | . . . 1 . . 1 . . . . . . . . . Minesweeper 1 | . . . . . . . . . . . . 1 . . . Mechanic 1 | . . . 1 . . . . . . . . . . . . Drone 1 | . . . . . . . . . . . . . . . 1 Turret 1 | . . . . . 1 . . . . . . . . . . Watcher 3 | . . . 2 . . . 1 . . . . . . . . Swarmer 46 | . 2 . 7 . . 4 3 13 2 5 4 3 3 . . Cutter 2 | . . . . . . . . 2 . . . . . . . Grunt 29 | . 1 2 2 . . 3 . . 2 6 10 2 . . 1 Brawler 3 | . . . 1 . . . . . . . 1 1 . . . Duelist 2 | . . . . . . . . . . . 2 . . . . Sentry 10 | . . . 3 . . . . 6 . 1 . . . . . Hunter 1 | . . . . . . . . 1 . . . . . . . Programmer 4 | . . . . . . . . 3 . . 1 . . . . Enhanced Grunt 3 | . . . . . . . . . . . . . . 3 . Zionite 5 | . . . . . 5 . . . . . . . . . . Assembled 20 | . . . . 16 4 . . . . . . . . . . Guerrilla 1 | . . . . 1 . . . . . . . . . . . Mutant 1 | . . . . . . . . . . . . . 1 . . Best Kill Streak 16 | . 3 1 14 16 4 7 4 7 2 3 8 3 3 2 1 Combat Bots Only 16 | . 3 1 9 16 4 7 3 7 2 3 7 3 3 2 1 Max Kills in Single Turn 6 | . 1 1 6 3 2 2 3 4 1 3 2 1 1 1 1 Gunslinging . | . . . . . . . . . . . . . . . . Exploded 4 | . . . 4 3 2 1 3 4 1 3 2 . . . . Melee 1 | . . . . . 1 . . 1 . . 1 1 1 1 1 Uniques/NPCs Destroyed 5 | . . . . . 4 1 . . . . . . . . . 8R-AWN (-9/Exiles) EX-DEC (-9/Exiles) EX-HEX (-9/Exiles) EX-BIN (-9/Exiles) NK-0LA (-8/Mines) Combat | -11 -10 -10 -9 -9 -9 -8 -8 -8 -8 -8 -7 -7 -7 -7 -6 -------- Run | Jun Mat Min Mat Min Exi Min Mat Gar Mat Gar Fac Low Low Dat Pro Damage Taken 7673 | . 223 140 269 460 588 517 . 919 127 125 361 1041 842 820 1241 Core 1268 | . 39 40 30 67 121 93 . 139 9 28 52 162 137 23 328 Absorbed by Shields 71 | . . . . . 71 . . . . . . . . . . Redirected to Shielding 145 | . . . . . . . . . . . . 20 38 . 87 Regen/Repaired (Parts) 170 | . . . . . . . . . . . 170 . . . . Core Remaining (%) 64 | 100 . 68 . . . 22 . . . 68 . . . . . Volleys Fired 255 | . 10 11 24 11 35 17 2 35 17 37 27 13 8 4 4 Largest 2 | . 2 2 2 1 2 2 2 2 1 1 2 2 1 1 1 Hottest 90 | . 60 40 40 33 60 60 40 60 36 36 60 60 90 5 90 Shots Fired 370 | . 20 22 42 13 64 33 3 44 17 37 42 17 8 4 4 Gun 290 | . 20 22 35 1 61 32 2 35 12 28 31 11 . . . Cannon 12 | . . . . . . . . . . . . . 8 . 4 Launcher 45 | . . . 7 12 3 1 1 9 1 4 7 . . . . Special 23 | . . . . . . . . . 4 5 4 6 . 4 . Kinetic 280 | . 10 22 35 1 61 32 2 35 12 28 31 11 . . . Thermal 22 | . 10 . . . . . . . . . . . 8 . 4 Explosive 45 | . . . 7 12 3 1 1 9 1 4 7 . . . . Electromagnetic . | . . . . . . . . . . . . . . . . Robot Hit Streak 13 | . 4 5 12 1 8 7 9 13 9 7 10 9 4 7 1 Robot Miss Streak 5 | . 2 1 1 2 2 5 . 4 2 3 1 3 2 . 3 Penetration Max 1 | . . . . . 1 1 . 1 1 . 1 . . . . Secondary Targets 6 | . 2 . 1 . . 3 . . . . . . . . . Max Gunslinging Chain 1 | . 1 . 1 . . 1 . . . . . . . . . Shots Hit Robots 290 | . 12 16 29 4 53 29 2 29 12 17 35 20 15 15 2 Core Hits 242 | . 5 6 30 32 32 18 5 37 5 15 35 8 5 6 3 Critical Kills 25 | . . . . . 2 3 . 6 3 6 3 2 . . . Critical Parts Destroyed 32 | . . . . . 11 3 . 3 2 2 9 2 . . . Critical Strikes 62 | . . . . . 13 7 . 9 5 8 13 4 2 1 . Destroy 58 | . . . . . 13 7 . 9 5 8 12 4 . . . Sever 4 | . . . . . . . . . . . 1 . 2 1 . Melee Attacks 131 | . . . . . 20 9 . 36 . . 13 12 12 28 1 Impact . | . . . . . . . . . . . . . . . . Slashing 131 | . . . . . 20 9 . 36 . . 13 12 12 28 1 Piercing . | . . . . . . . . . . . . . . . . Sneak Attacks 12 | . . . . . . 7 . . . . 1 1 2 1 . Combat Hostiles . | . . . . . . . . . . . . . . . . Follow-up Attacks . | . . . . . . . . . . . . . . . . Damage Inflicted 11608 | . 129 173 1134 1187 1627 1018 214 1802 262 620 1784 448 633 444 133 Guns 3069 | . 129 173 305 . 647 317 23 393 166 222 538 156 . . . Cannons 277 | . . . . . . . . . . . . . 192 . 85 Explosions 5187 | . . . 821 1184 215 212 191 1050 96 398 1020 . . . . Melee 3056 | . . . . . 765 489 . 359 . . 226 292 441 444 40 Ramming 19 | . . . 8 3 . . . . . . . . . . 8 Kinetic 2979 | . 39 173 305 . 647 317 23 393 166 222 538 156 . . . Thermal 367 | . 90 . . . . . . . . . . . 192 . 85 Explosive 5187 | . . . 821 1184 215 212 191 1050 96 398 1020 . . . . Electromagnetic . | . . . . . . . . . . . . . . . . Impact . | . . . . . . . . . . . . . . . . Slashing 3056 | . . . . . 765 489 . 359 . . 226 292 441 444 40 Piercing . | . . . . . . . . . . . . . . . . Highest Corruption 3 | . . . 3 3 3 3 . 3 3 3 1 1 1 . . Average Corruption 2 | . . . 2 3 3 3 . 2 3 3 1 1 1 . . Corruption Purged 1 | . . . . . . . . . . . . . 1 . . Corruption Blocked . | . . . . . . . . . . . . . . . . Effects 92 | . . . 12 10 26 16 . 5 5 7 5 5 1 . . Message Errors 14 | . . . 1 . 2 3 . . 1 2 3 2 . . . Matter Fused 30 | . . . 4 3 6 6 . 3 1 2 2 2 1 . . Heat Flow Errors 14 | . . . 3 2 6 1 . . 1 1 . . . . . Energy Discharges 11 | . . . 1 1 5 1 . 1 . 2 . . . . . Data Loss (minor) 10 | . . . 2 1 4 1 . . 2 . . . . . . Data Loss (major) 3 | . . . . 1 . 1 . . . . . 1 . . . Misfires 4 | . . . 1 2 . 1 . . . . . . . . . Alerts 3 | . . . . . 2 1 . . . . . . . . . Weapon Failures 3 | . . . . . 1 1 . 1 . . . . . . . Overload Shots . | . . . . . . . . . . . . . . . . Overflow Damage 413 | . . . 39 22 . 156 . 44 12 . 15 27 32 66 . Projectiles . | . . . . . . . . . . . . . . . . Explosions 132 | . . . 39 22 . . . 44 12 . 15 . . . . Melee 281 | . . . . . . 156 . . . . . 27 32 66 . Knockbacks . | . . . . . . . . . . . . . . . . Impact . | . . . . . . . . . . . . . . . . Kinetic . | . . . . . . . . . . . . . . . . Secondary . | . . . . . . . . . . . . . . . . Self-Inflicted Damage 579 | . . . . 223 . 42 . 219 25 26 44 . . . . Shots 19 | . . . . 6 . 1 . 7 1 1 3 . . . . Rammed 2 | . . . 1 1 . . . . . . . . . . . Targets Rammed 4 | . . . 1 1 . . . . . . . . . . 2 Kicked 2 | . . . . . . . . . . . . . . . 2 Crushed . | . . . . . . . . . . . . . . . . Highest Temperature 253 | . 108 18 246 217 253 210 . . 219 137 30 90 16 . 71 Average Temperature 76 | . 71 9 76 91 82 116 . . 79 50 12 40 16 . 31 Received Heat Transfer 1535 | . 48 87 66 20 9 204 . 81 27 27 72 180 96 . 618 Siege Activations . | . . . . . . . . . . . . . . . . Robots Corrupted . | . . . . . . . . . . . . . . . . Combat Hostiles . | . . . . . . . . . . . . . . . . Parts Fried 2 | . . . . . . . . . . . . . . 2 . Impact Corruptions . | . . . . . . . . . . . . . . . . Robots Melted . | . . . . . . . . . . . . . . . . Combat Hostiles . | . . . . . . . . . . . . . . . . Parts Melted 3 | . . . . . . . . . . 1 . . 2 . . Heat Transferred 500 | . 200 . . . . . . . . . . . 300 . . Parts Sabotaged . | . . . . . . . . . . . . . . . . Parts Stolen . | . . . . . . . . . . . . . . . . Parts Stripped . | . . . . . . . . . . . . . . . . Power Chain Reactions . | . . . . . . . . . . . . . . . . Missiles Intercepted . | . . . . . . . . . . . . . . . . Alert | -11 -10 -10 -9 -9 -9 -8 -8 -8 -8 -8 -7 -7 -7 -7 -6 ------- Run | Jun Mat Min Mat Min Exi Min Mat Gar Mat Gar Fac Low Low Dat Pro Peak Influence 830 | . 110 62 402 166 . 239 125 830 625 738 642 . . . . Initial 406 | . . 42 11 117 . . 14 81 404 406 387 . . . . Average 305 | . 65 43 192 130 . 88 63 474 523 598 491 . . . . Maximum Alert Level 3 | . . . 2 . . 1 . 3 2 3 2 . . . . Low Security (%) 42 | . 100 100 41 100 . 73 100 18 . . . . . . . Level 1 17 | . . . 45 . . 26 . 23 . . 18 . . . . Level 2 34 | . . . 12 . . . . 43 100 57 81 . . . . Level 3 5 | . . . . . . . . 14 . 42 . . . . . Level 4 . | . . . . . . . . . . . . . . . . Level 5 . | . . . . . . . . . . . . . . . . High Security . | . . . . . . . . . . . . . . . . Max Security . | . . . . . . . . . . . . . . . . Squads Dispatched 7 | . 2 . 1 . . 1 . . . . 2 . . . 1 Investigation 2 | . 1 . . . . . . . . . 1 . . . . Extermination 1 | . . . . . . . . . . . 1 . . . . Reinforcement 3 | . 1 . 1 . . 1 . . . . . . . . . Assault 1 | . . . . . . . . . . . . . . . 1 Garrison . | . . . . . . . . . . . . . . . . Intercept . | . . . . . . . . . . . . . . . . Searches Triggered . | . . . . . . . . . . . . . . . . Construction Impeded 1 | . . . . . . 1 . . . . . . . . . Haulers Reinforced . | . . . . . . . . . . . . . . . . Active Scanning Responses . | . . . . . . . . . . . . . . . . Cargo Convoy Interrupts . | . . . . . . . . . . . . . . . . Stealth | -11 -10 -10 -9 -9 -9 -8 -8 -8 -8 -8 -7 -7 -7 -7 -6 --------- Run | Jun Mat Min Mat Min Exi Min Mat Gar Mat Gar Fac Low Low Dat Pro Distress Signals 6 | . 1 . 2 . . . . . 2 . 1 . . . . Communications Jammed . | . . . . . . . . . . . . . . . . Distress Signals . | . . . . . . . . . . . . . . . . Times Spotted 210 | . 8 5 21 20 28 9 4 24 9 12 24 13 6 4 23 Peak Tracking Total 21 | . 6 2 12 19 10 5 3 6 5 5 7 4 4 3 21 Tactical Retreats 14 | . . . . 1 10 2 . . . . 1 . . . . Traps | -11 -10 -10 -9 -9 -9 -8 -8 -8 -8 -8 -7 -7 -7 -7 -6 ------- Run | Jun Mat Min Mat Min Exi Min Mat Gar Mat Gar Fac Low Low Dat Pro Traps Triggered 9 | . 1 . 2 . 1 . . 1 . 3 1 . . . . Indirectly . | . . . . . . . . . . . . . . . . Trap Hack Attempts . | . . . . . . . . . . . . . . . . Triggered . | . . . . . . . . . . . . . . . . Disarmed . | . . . . . . . . . . . . . . . . Reprogrammed . | . . . . . . . . . . . . . . . . Reused 3 | . . . . . . . . . . . . 1 . 2 . Traps Extracted . | . . . . . . . . . . . . . . . . Installed 5 | . . . . . 1 . . . . . . 1 . 3 . Triggered 2 | . . . . . . . . . . . . 1 . . 1 Most Traps Carried 4 | . . 3 3 3 3 . . . . . . 4 3 3 . Exploded 3 | . . . . . 3 . . . . . . . . . . Machines | -11 -10 -10 -9 -9 -9 -8 -8 -8 -8 -8 -7 -7 -7 -7 -6 ---------- Run | Jun Mat Min Mat Min Exi Min Mat Gar Mat Gar Fac Low Low Dat Pro Machines Disabled 26 | . . . 2 . 13 . 1 2 3 . 5 . . . . Max in Single Turn 4 | . . . 1 . 2 . 1 2 1 . 4 . . . . Garrison Access 3 | . . . . . . . . . . . 3 . . . . Phase Generator 1 | . . . . . . . . 1 . . . . . . . Machines Repaired . | . . . . . . . . . . . . . . . . Machines Sabotaged . | . . . . . . . . . . . . . . . . Overloaded Fab Kills . | . . . . . . . . . . . . . . . . Hacking | -11 -10 -10 -9 -9 -9 -8 -8 -8 -8 -8 -7 -7 -7 -7 -6 --------- Run | Jun Mat Min Mat Min Exi Min Mat Gar Mat Gar Fac Low Low Dat Pro Machines Accessed 24 | . 1 . 1 1 2 . 2 3 1 . 9 . . 4 . Terminals 10 | . 1 . 1 1 . . . 3 . . 4 . . . . Fabricators 2 | . . . . . . . . . . . 2 . . . . Repair Stations . | . . . . . . . . . . . . . . . . Recycling Units 1 | . . . . . . . 1 . . . . . . . . Scanalyzers . | . . . . . . . . . . . . . . . . Garrison Access 5 | . . . . . . . 1 . 1 . 3 . . . . Total Hacks 68 | . 2 . 1 2 3 . 3 4 1 . 20 . . 32 . Successful 46 | . . . . 1 3 . 1 . 1 . 8 . . 32 . Failed 22 | . 2 . 1 1 . . 2 4 . . 12 . . . . Catastrophic 4 | . 1 . 1 . . . . 1 . . 1 . . . . Database Lockouts . | . . . . . . . . . . . . . . . . Manual 17 | . 2 . 1 1 2 . . . . . 11 . . . . Terminals 22 | . 2 . 1 2 . . . 4 . . 13 . . . . Fabricators 4 | . . . . . . . . . . . 4 . . . . Repair Stations . | . . . . . . . . . . . . . . . . Recycling Units 1 | . . . . . . . 1 . . . . . . . . Scanalyzers . | . . . . . . . . . . . . . . . . Garrison Access 6 | . . . . . . . 2 . 1 . 3 . . . . Terminal Hacks 37 | . . . . 1 3 . . . . . 1 . . 32 . Record 13 | . . . . . 2 . . . . . . . . 11 . Part Schematic 12 | . . . . . . . . . . . . . . 12 . Robot Schematic 6 | . . . . . . . . . . . . . . 6 . Prototype ID Bank 3 | . . . . . . . . . . . . . . 3 . Branch Access Points 1 | . . . . . . . . . . . 1 . . . . Zone Layout 1 | . . . . 1 . . . . . . . . . . . EX-Prototype ID Bank 1 | . . . . . 1 . . . . . . . . . . Fabricator Hacks 2 | . . . . . . . . . . . 2 . . . . Network Status 1 | . . . . . . . . . . . 1 . . . . Build 1 | . . . . . . . . . . . 1 . . . . Repair Station Hacks . | . . . . . . . . . . . . . . . . Recycling Unit Hacks . | . . . . . . . . . . . . . . . . Scanalyzer . | . . . . . . . . . . . . . . . . Garrison Access Hacks 5 | . . . . . . . 1 . 1 . 3 . . . . Unlock Access 2 | . . . . . . . 1 . 1 . . . . . . Seal Access 3 | . . . . . . . . . . . 3 . . . . Unauthorized Hacks 2 | . . . . . . . . . . . 2 . . . . Terminals . | . . . . . . . . . . . . . . . . Fabricators 2 | . . . . . . . . . . . 2 . . . . Liberate 1 | . . . . . . . . . . . 1 . . . . Haulers 1 | . . . . . . . . . . . 1 . . . . Repair Stations . | . . . . . . . . . . . . . . . . Recycling Units . | . . . . . . . . . . . . . . . . Scanalyzers . | . . . . . . . . . . . . . . . . Garrison Access . | . . . . . . . . . . . . . . . . Data Cores Recovered . | . . . . . . . . . . . . . . . . Used . | . . . . . . . . . . . . . . . . Hacking Detections 13 | . 1 . 1 . . . 2 3 1 . 5 . . . . Full Trace Events . | . . . . . . . . . . . . . . . . Feedback Events . | . . . . . . . . . . . . . . . . Feedback Blocked . | . . . . . . . . . . . . . . . . Robot Schematics Acquired 6 | . . . . . . . . . . . . . . 6 . Robots Built . | . . . . . . . . . . . . . . . . Authchips . | . . . . . . . . . . . . . . . . Time . | . . . . . . . . . . . . . . . . Total Robot Build Rating . | . . . . . . . . . . . . . . . . Part Schematics Acquired 12 | . . . . . . . . . . . . . . 12 . Parts Built 2 | . . . . . . . . . . . 2 . . . . Authchips . | . . . . . . . . . . . . . . . . Time 53 | . . . . . . . . . . . 53 . . . . Total Part Build Rating 12 | . . . . . . . . . . . 12 . . . . Parts Repaired . | . . . . . . . . . . . . . . . . Time . | . . . . . . . . . . . . . . . . Parts Recycled . | . . . . . . . . . . . . . . . . Recycled Matter . | . . . . . . . . . . . . . . . . Retrieved Matter . | . . . . . . . . . . . . . . . . Retrieved Components . | . . . . . . . . . . . . . . . . Parts Scanalyzed . | . . . . . . . . . . . . . . . . Part Schematics Acquired . | . . . . . . . . . . . . . . . . Parts Damaged . | . . . . . . . . . . . . . . . . Bothacking | -11 -10 -10 -9 -9 -9 -8 -8 -8 -8 -8 -7 -7 -7 -7 -6 ------------ Run | Jun Mat Min Mat Min Exi Min Mat Gar Mat Gar Fac Low Low Dat Pro Used RIF Installer 2 | . . . . . . . . 1 . 1 . . . . . Command Fork 1 | . . . . . . . . . . 1 . . . . . Robots Hacked 10 | . . . . . . . . . 1 4 1 4 . . . Non-combat 1 | . . . . . . . . . . . 1 . . . . Combat 9 | . . . . . . . . . 1 4 . 4 . . . Robot Hacks Applied 12 | . . . . . . . . . 3 4 1 4 . . . find_garrison 1 | . . . . . . . . . 1 . . . . . . wipe_record 1 | . . . . . . . . . 1 . . . . . . overwrite_iff 3 | . . . . . . . . . . 3 . . . . . formatsys_low 1 | . . . . . . . . . . . 1 . . . . formatsys_high 6 | . . . . . . . . . 1 1 . 4 . . . Relay Couplers Released . | . . . . . . . . . . . . . . . . Attached 5 | . . . . . . . . 1 1 . 1 2 . . . Fabnet Peak Effective % . | . . . . . . . . . . . . . . . . Robots Rewired 1 | . . . . . . . . . . . . . . 1 . Allies Hacked . | . . . . . . . . . . . . . . . . Hacks Repelled . | . . . . . . . . . . . . . . . . Allies | -11 -10 -10 -9 -9 -9 -8 -8 -8 -8 -8 -7 -7 -7 -7 -6 -------- Run | Jun Mat Min Mat Min Exi Min Mat Gar Mat Gar Fac Low Low Dat Pro Total Allies 11 | . . . . . . . . . 1 4 1 4 . 1 . Largest Group 3 | . . . . . . . . . 1 3 1 3 3 1 . Highest-Rated Group 96 | . . . . . . . . . 15 48 23 48 48 96 . Highest-Rated Ally 96 | . . . . . . . . . 15 16 23 23 16 96 . Total Orders 1 | . . . . . . . . . . . 1 . . . . AID 1 | . . . . . . . . . . . 1 . . . . Ally Attacks 105 | . . . . . . . . . 7 18 15 13 49 3 . Total Damage 1277 | . . . . . . . . . 60 233 192 165 567 60 . Kills 9 | . . . . . . . . . 1 4 . 1 3 . . Allies Corrupted . | . . . . . . . . . . . . . . . . Allies Melted . | . . . . . . . . . . . . . . . . Intel | -11 -10 -10 -9 -9 -9 -8 -8 -8 -8 -8 -7 -7 -7 -7 -6 ------- Run | Jun Mat Min Mat Min Exi Min Mat Gar Mat Gar Fac Low Low Dat Pro Robot Analysis Total 131 | . . . . . . . . . . . . . . 131 . Derelict Logs Recovered 6 | . . 2 . . . . . . . . . 1 1 . 2 Drone Launches . | . . . . . . . . . . . . . . . . Drone Recoveries . | . . . . . . . . . . . . . . . . Exploration | -11 -10 -10 -9 -9 -9 -8 -8 -8 -8 -8 -7 -7 -7 -7 -6 ------------- Run | Jun Mat Min Mat Min Exi Min Mat Gar Mat Gar Fac Low Low Dat Pro Turns Passed 9282 | . 341 613 695 316 1240 691 99 1136 176 345 1169 607 637 486 731 Spaces Moved 5316 | 1 178 265 376 181 572 427 70 762 115 220 895 438 335 184 297 Core . | . . . . . . . . . . . . . . . . Treads 2257 | . 113 265 376 181 572 89 . . . . . . 189 184 288 Legs 3055 | 1 65 . . . . 338 70 762 115 220 895 438 146 . 5 Wheels 4 | . . . . . . . . . . . . . . . 4 Hover . | . . . . . . . . . . . . . . . . Flight . | . . . . . . . . . . . . . . . . Fastest Speed 113 | 120 120 160 160 160 160 113 113 113 113 113 113 113 113 160 200 Average Speed 146 | 120 163 212 160 160 180 122 113 113 113 113 113 113 171 192 239 Slowest Speed 260 | 120 260 240 160 160 240 160 113 113 113 113 113 113 260 240 260 Overloaded Moves . | . . . . . . . . . . . . . . . . Propulsion Burnouts . | . . . . . . . . . . . . . . . . Robots Hopped . | . . . . . . . . . . . . . . . . Cave-ins Triggered . | . . . . . . . . . . . . . . . . Exploration Rate (%) 52 | 1 46 64 42 45 90 93 10 83 15 48 32 66 59 81 58 Regions Visited 15 Branch Regions 8 Pre-discovered Areas 27 | . . . . . 1 . . . . . . 1 1 24 . Known Exits Taken 4 | . . . . . . . 1 . 1 . 1 1 . . . Unknown Exits Taken 9 | 1 1 1 1 1 1 1 . . . . . . 1 1 . Scrap Searched 7 | . . . . . . 1 . . . . . 3 2 . 1 Spaces Dug 56 | . . . . 13 . . . 22 . 15 6 . . . . Terrain Destroyed 409 | . . . 21 99 28 25 4 131 19 21 57 . 2 . 2 Melee 20 | . . . . . . . . 14 . . 6 . . . . Projectile 39 | . . . . . 16 12 . . 3 4 . . 2 . 2 AOE 349 | . . . 21 99 12 13 4 117 16 17 50 . . . . Terrain Rammed . | . . . . . . . . . . . . . . . . Walls Destroyed . | . . . . . . . . . . . . . . . . Machines Disabled . | . . . . . . . . . . . . . . . . Actions | -11 -10 -10 -9 -9 -9 -8 -8 -8 -8 -8 -7 -7 -7 -7 -6 --------- Run | Jun Mat Min Mat Min Exi Min Mat Gar Mat Gar Fac Low Low Dat Pro Total 6341 | . 213 298 432 196 723 562 86 950 145 278 988 517 369 276 308 Wait 289 | . . 14 11 . 30 84 2 74 6 7 20 26 . 15 . Move 5303 | . 177 264 375 180 571 426 70 761 115 219 894 437 334 183 297 Hop . | . . . . . . . . . . . . . . . . Pick Up 104 | . 17 3 8 . 19 5 4 8 2 . 8 9 2 18 1 Fast Attach 41 | . 3 . 1 . 10 4 . 8 1 . 2 1 6 5 . Attach 39 | . . 1 2 2 4 1 3 4 2 . 5 7 3 4 1 Detach 9 | . . . . 1 4 . . 2 . . . . 1 . 1 Swap 64 | . . 2 3 1 4 8 3 11 1 7 13 6 1 4 . Drop 88 | . 6 3 7 . 25 8 2 9 1 1 6 5 2 12 1 Fire 255 | . 10 11 24 11 35 17 2 35 17 37 27 13 8 4 4 Melee 131 | . . . . . 20 9 . 36 . . 13 12 12 28 1 Ram . | . . . . . . . . . . . . . . . . Kick 2 | . . . . . . . . . . . . . . . 2 Crush 2 | . . . 1 1 . . . . . . . . . . . Escape Stasis 8 | . . . . . . . . 2 . 6 . . . . . Rewire 1 | . . . . . . . . . . 1 . . . . . Trap 5 | . . . . . 1 . . . . . . 1 . 3 . Miscellaneous . | . . . . . . . . . . . . . . . . Route ------- -11/Junkyard -10/Materials (discovered 2 exits: *Mat / [*Min]) -10/Mines -9/Materials (discovered 2 exits: *Mat / *Min) -9/Mines -9/Exiles -8/Mines -8/Materials (discovered 2 exits: Sto / Gar) -8/Garrison (discovered 3 exits: *Mat x3) -8/Materials (discovered 2 exits: *Fac / Gar) -8/Garrison -7/Factory (discovered 2 exits: *Low x2) -7/Lower Caves -7/Lower Caves (discovered 2 exits: *Fac / *Dat) -7/Data Miner -6/Proximity Caves (discovered 1 exit: Fac) History --------- Turn | Location | Event 1 | -11/Junkyard | Discovered new exit (range 0) 1 | -11/Junkyard | Entered Materials 213 | -10/Materials | Discovered new exit (range 9) 301 | -10/Materials | Build established: Mutant 302 | -10/Materials | Discovered new exit (range 6) 342 | -10/Materials | Entered Mines 369 | -10/Mines | Met a Derelict bent on vengeance 517 | -10/Mines | Found a hidden stash of uninstalled traps 645 | -10/Mines | Learned Materials emergency access door positions 875 | -10/Mines | Discovered new exit (range 16) 955 | -10/Mines | Entered Materials 955 | -9/Materials | Evolved 2 slots: Propulsion x1, Utility x1 1287 | -9/Materials | Destroyed 9 combat bots 1461 | -9/Materials | Discovered new exit (range 13) 1626 | -9/Materials | Discovered new exit (range 15) 1650 | -9/Materials | Entered Mines 1869 | -9/Mines | Assembled infested the area 1874 | -9/Mines | Assisted by a Guerilla fighting off Assembled 1921 | -9/Mines | Destroyed 16 combat bots 1960 | -9/Mines | Deemed a non-threat by the Exiles lab entrance 1960 | -9/Mines | Discovered new exit (range 5) 1966 | -9/Mines | Entered Exiles 2041 | -9/Exiles | Met 8R-AWN 2064 | -9/Exiles | Met EX-HEX 2109 | -9/Exiles | Met EX-BIN 2128 | -9/Exiles | Aligned with FarCom system 2129 | -9/Exiles | Given EX-Vault access code 2166 | -9/Exiles | Opened EX-Vault 2176 | -9/Exiles | Found Longsword +1 2210 | -9/Exiles | Warned to stay clear of 0b10 Research branches 2255 | -9/Exiles | Met EX-DEC 2261 | -9/Exiles | Learned location of Zion (-6) 2447 | -9/Exiles | Attacked by the Exiles 2572 | -9/Exiles | Destroyed 8R-AWN 2573 | -9/Exiles | Core integrity fell below 50% 2579 | -9/Exiles | Found Prototype Processor 2579 | -9/Exiles | Identified Exp. Targeting Computer 2592 | -9/Exiles | Lost 3 parts (3n) 2594 | -9/Exiles | Found Prototype Ballistic Gun 2594 | -9/Exiles | Identified 8R-AWN's Boregun 2598 | -9/Exiles | Found 8R-AWN's Boregun 2605 | -9/Exiles | Found Prototype Device 2605 | -9/Exiles | Identified AS-neutralizer No. 17b 2645 | -9/Exiles | Found Prototype Protection 2850 | -9/Exiles | Build established: Scavenger-Mutant 2880 | -9/Exiles | Destroyed EX-DEC 2911 | -9/Exiles | Destroyed EX-HEX 2930 | -9/Exiles | Destroyed EX-BIN 3089 | -9/Exiles | Found Prototype Processor 3190 | -9/Exiles | Discovered new exit (range 10) 3206 | -9/Exiles | Entered Mines 3293 | -8/Mines | NK-0LA came to Exiles' defense 3450 | -8/Mines | Destroyed 7 combat bots 3480 | -8/Mines | Destroyed NK-0LA 3491 | -8/Mines | Found Prototype Device 3491 | -8/Mines | Identified Thermal Barrier 3882 | -8/Mines | Discovered new exit (range 5) 3897 | -8/Mines | Entered Materials 3897 | -8/Materials | Evolved 2 slots: Propulsion x1, Utility x1 3898 | -8/Materials | Identified exit to Storage 3918 | -8/Materials | Identified Exp. Core Analyzer 3996 | -8/Materials | Identified exit to Garrison 3996 | -8/Materials | Entered Garrison 4050 | -8/Garrison | Triggered checkpoint 4198 | -8/Garrison | Triggered checkpoint 4231 | -8/Garrison | Destroyed 7 combat bots 4259 | -8/Garrison | Discovered new exit (range 10) 4430 | -8/Garrison | Triggered checkpoint 4545 | -8/Garrison | Discovered new exit (range 10) 4614 | -8/Garrison | Triggered checkpoint 4672 | -8/Garrison | Triggered checkpoint 4726 | -8/Garrison | Discovered new exit (range 8) 4968 | -8/Garrison | Phase Generator disabled 4988 | -8/Garrison | Triggered checkpoint 5014 | -8/Garrison | Installed Relay Interface Framework 5132 | -8/Garrison | Entered Materials 5286 | -8/Materials | Discovered new exit (range 12) 5308 | -8/Materials | Identified exit to Garrison 5308 | -8/Materials | Entered Garrison 5308 | -8/Garrison | Accompanied by 1 ally 5348 | -8/Garrison | Triggered checkpoint 5430 | -8/Garrison | Triggered checkpoint 5471 | -8/Garrison | Triggered checkpoint 5485 | -8/Garrison | Triggered checkpoint 5603 | -8/Garrison | Expanded RIF knowledge: Command Fork 5620 | -8/Garrison | Discovered new exit (range 11) 5653 | -8/Garrison | Entered Factory 5653 | -7/Factory | Accompanied by 1 ally 5653 | -7/Factory | Evolved 2 slots: Utility x2 6072 | -7/Factory | Destroyed 7 combat bots 6406 | -7/Factory | Fabricated Enh. Gauss Cannon? 6732 | -7/Factory | Identified exit to Lower Caves 6822 | -7/Factory | Entered Lower Caves 6822 | -7/Lower Caves | Accompanied by 1 ally 7024 | -7/Lower Caves | Lost 6 parts (1n3u2w) 7390 | -7/Lower Caves | Discovered new exit (range 12) 7427 | -7/Lower Caves | Identified exit to Lower Caves 7429 | -7/Lower Caves | Entered another Lower Caves area 7429 | -7/Lower Caves | Accompanied by 3 allies 7488 | -7/Lower Caves | Discovered new exit (range 13) 7569 | -7/Lower Caves | Spotted B-75 Beast 7599 | -7/Lower Caves | Allies destroyed B-75 Beast 7622 | -7/Lower Caves | Lost 4 parts (2n1u1w) 7646 | -7/Lower Caves | Learned location of Extension (-6) 7826 | -7/Lower Caves | Core integrity fell below 50% 7849 | -7/Lower Caves | Encountered a Warlord checkpoint 8052 | -7/Lower Caves | Discovered new exit (range 10) 8066 | -7/Lower Caves | Entered Data Miner 8066 | -7/Data Miner | Accompanied by 1 ally 8066 | -7/Data Miner | Discovered new exit (range 6) 8101 | -7/Data Miner | Met Data Miner 8145 | -7/Data Miner | Acquired the access code to Warlord's prototype stash 8145 | -7/Data Miner | Learned location of Section 7 (-2) 8161 | -7/Data Miner | Received God Mode back door access code from Data Miner 8174 | -7/Data Miner | Interfaced with the Data Conduit 8271 | -7/Data Miner | Identified 8R-AWN's Armor/EX 8342 | -7/Data Miner | Lost 3 parts (2n1u) 8552 | -7/Data Miner | Entered Proximity Caves 8555 | -6/Proximity Caves | Spotter reported a threat 8634 | -6/Proximity Caves | Identified exit to Factory 8965 | -6/Proximity Caves | Spotter reported a threat 9081 | -6/Proximity Caves | Spotter reported a threat 9265 | -6/Proximity Caves | Attracted the attention of an 0b10 outpost 9280 | -6/Proximity Caves | Core integrity fell below 20% 9283 | -6/Proximity Caves | Destroyed by G-50 Soldier with Heavy Laser Last Messages --------------- 09265_ Y-64 Sentinel: "DETECTED UNIDENTIFIED DERELICT." 09268_ Lyr. Medium Armor Plating destroyed. 09269_ Y-64 Sentinel: "REQUESTING BACKUP." 09269_ G-67 Veteran destroyed. 09273_ C-30 ARC bursts open, deploying its payload. 09273_ G-67 Veteran unfolds itself. 09273_ B-48 Gladiator unfolds itself. 09273_ G-50 Soldier unfolds itself. 09273_ I-36 Angel unfolds itself. 09274_ Imp. Utility Shielding destroyed. 09276_ Adv. Heat Sink fries itself beyond repair. 09276_ Lyr. Medium Armor Plating severed. 09277_ Flexi-carbon Leg fries itself beyond repair. 09278_ Thermal Barrier destroyed. 09278_ Antimatter Reactor destroyed. 09279_ Kicked G-50 Soldier. 09280_ Critical hit (Burn: +37). 09281_ Kicked G-50 Soldier. 09281_ Critical hit (Burn: +37). 09281_ Knocked back. Map ----- +----------------------------------------------------+ | ##???????????????????????????????????????????? | | ####????????????????????????????????????????????? | | ##???????????????????????????????????????????????? | | ##???????????????????????????????????????????????? | | ##??????#???????????????????????????????????????? | | #?????# ???????????????????????????????????????? | | #???## ???????????? ??????????????????????????? | | ##???# ?????????? ?????#????????????????????? | | ##????# ?????????? ????? ?????????????????? | | #?????# ?????????? ????? ????????????????? | | #####?# ?????????? ???? ???????????????? | | #?# #??????????? ???? ????????????????? | | ?# #??????????? ##?? ?????????????????? | | #?# ######?????? ### ??????????????????? | | #?# #?###??? #??????????????????? | | #?# ### ##?? ???????????????????? | | # #### ## ##?# #??##????????????????? | | # ## ## ### #?? ##???????????????? | | # ####### ## #?# #???????????????? | | ###?????# g #?# #???????????????? | | ##?????### g ## #???????????????? | | ##?????## ggg ###??????????????? | | #####???# l ????????? | | #### ###?# #### g b#### ????????? | | ### #?# #??### #g%%#????? ??????????? | | ## #?# ##???# #g@##?????????##??????????? | | ### #???# #ig ??